Cogmind - Beta 16.1 *** ADVENTURER MODE // 2026.02.15 @ 22:26:03 Player: Zable Result: Destroyed by H-66 Slayer with Heavy Assault Rifle Performance ------------- Evolutions (5) 2500 Regions Visited (14) 2800 Robots Destroyed (77) 385 Value Destroyed (3148) 3148 Prototype IDs (13) 260 Alien Tech Used (0) 0 Bonus (1083) 1083 TOTAL SCORE: 10176 Bonus ------- High Alert Combat Kills 11 Follower Combat Kills 173 Entered Garrisons 400 Used RIF Installer 1000 Friendly Fire -501 Cogmind --------- Core Integrity 0/1000 Matter 220/300 Energy 159/160 System Corruption 4% Temperature Cool (2) Movement Flying (37) Location -5/Factory Parts ------- > --- POWER (1) -------- Light Fission Core > --- PROPULSION (5) --- VTOL Module Field Propulsion Drive > --- UTILITY (8) ------ Advanced ECM Suite > --- WEAPON (3) ------- (None) > --- INVENTORY (5) ---- Power Amplifier System Shield Relay Coupler [Swarmer] (29) Improved Proton Missile Launcher Peak State ------------ > --- POWER ------------ Light Nuclear Core > --- PROPULSION ------- Improved Cesium-ion Thruster Improved Cesium-ion Thruster Improved Cesium-ion Thruster Improved Cesium-ion Thruster Improved Cesium-ion Thruster > --- UTILITY ---------- Medium Storage Unit Machine Analyzer Advanced Visual Processing Unit Improved Sensor Array Hacking Suite Relay Coupler [NC] Relay Coupler [Specialist] Relay Coupler [Heavy] > --- WEAPON ----------- Thermic Laser Heavy Machine Gun Improved Datajack > --- INVENTORY -------- Ion Engine Light Nuclear Core Light Fission Core VTOL Module Improved Cesium-ion Thruster Field Propulsion Drive Advanced Shield Generator System Shield Relay Coupler [Swarmer] Improved Remote Datajack [Rating: 70] Favorites ----------- Power Ion Engine Engine Ion Engine Power Core Light Nuclear Core Propulsion Improved Cesium-ion Thruster Treads Light Treads Leg Aluminum Leg Wheel Compact Wheel Flight Unit Improved Cesium-ion Thruster Utility Small Storage Unit Device Improved Sensor Array Storage Small Storage Unit Processor Machine Analyzer Hackware Hacking Suite Weapon Medium Laser Energy Gun Medium Laser Energy Cannon Advanced Beam Cannon Ballistic Gun Light Assault Rifle Ballistic Cannon Assault Cannon Launcher Rocket Launcher Special Weapon Improved Remote Datajack Special Melee Weapon Datajack Build | -11 -10 -10 -9 -9 -9 -7 -7 -7 -6 -6 -6 -5 -5 -5 ------- Run | Yrd Mat Min Mat Sto Rec Fac Gar Fac Fac Low Low Fac Gar Fac Slots Evolved 10 | . . . 2 . . 4 . . 2 . . 2 . . Power . | . . . . . . . . . . . . . . . Propulsion 3 | . . . 1 . . 2 . . . . . . . . Utility 6 | . . . 1 . . 2 . . 2 . . 1 . . Weapon 1 | . . . . . . . . . . . . 1 . . Parts Attached 72 | 6 2 2 3 4 3 3 27 7 3 4 . . 3 5 Power 8 | 1 . 1 . . . . 3 . . 2 . . 1 . Engine 3 | 1 . 1 . . . . 1 . . . . . . . Core 5 | . . . . . . . 2 . . 2 . . 1 . Reactor . | . . . . . . . . . . . . . . . Propulsion 22 | 2 . . 1 1 . . 11 5 . . . . 1 1 Treads 3 | 1 . . 1 . . . 1 . . . . . . . Leg 5 | . . . . . . . 5 . . . . . . . Wheel 2 | 1 . . . 1 . . . . . . . . . . Hover . | . . . . . . . . . . . . . . . Flight 12 | . . . . . . . 5 5 . . . . 1 1 Utility 21 | 1 2 . . 2 2 1 5 1 2 2 . . 1 2 Device 9 | . 2 . . 1 1 . 2 1 . . . . . 2 Storage 2 | 1 . . . . . . 1 . . . . . . . Processor 4 | . . . . 1 1 . 1 . . 1 . . . . Hackware 6 | . . . . . . 1 1 . 2 1 . . 1 . Protection . | . . . . . . . . . . . . . . . Artifact . | . . . . . . . . . . . . . . . Weapon 21 | 2 . 1 2 1 1 2 8 1 1 . . . . 2 Energy Gun 6 | 1 . . . . . 1 3 . 1 . . . . . Energy Cannon 2 | . . . 2 . . . . . . . . . . . Ballistic Gun 4 | 1 . . . . . . 3 . . . . . . . Ballistic Cannon 1 | . . . . . . 1 . . . . . . . . Launcher 4 | . . . . 1 . . 1 . . . . . . 2 Special Weapon 2 | . . 1 . . . . 1 . . . . . . . Impact Weapon . | . . . . . . . . . . . . . . . Slashing Weapon . | . . . . . . . . . . . . . . . Piercing Weapon . | . . . . . . . . . . . . . . . Special Melee Weapon 2 | . . . . . 1 . . 1 . . . . . . Unidentified Prototypes 3 | . . . 1 . . . 1 1 . . . . . . Parts Lost 26 | . . 1 1 . 1 1 11 . . . . . 11 . Power 4 | . . . . . 1 . 1 . . . . . 2 . Propulsion 8 | . . . 1 . . . 5 . . . . . 2 . Utility 5 | . . . . . . 1 1 . . . . . 3 . Weapon 9 | . . 1 . . . . 4 . . . . . 4 . Highest Loss Streak 11 | . . 1 1 . 1 1 2 . . . . . 11 . To Critical Strikes . | . . . . . . . . . . . . . . . Average Backups 6 | 5 7 6 6 7 5 5 5 9 7 8 9 8 9 3 Power 1 | . 1 1 2 2 2 2 1 1 1 2 3 3 2 . Propulsion 1 | 3 4 4 3 2 . . . 1 2 2 2 2 2 . Utility 1 | . . . . . . . . 4 3 2 2 2 2 2 Weapon 1 | 1 2 1 1 2 3 3 1 1 . 1 1 . . . Tool/Special . | . . . . . . . . . . . . . . . Unused Backups 8 | . . . . . 2 . . 1 . . . . 1 4 Power . | . . . . . . . . . . . . . . . Propulsion 2 | . . . . . 2 . . . . . . . . . Utility 5 | . . . . . . . . 1 . . . . 1 3 Weapon 1 | . . . . . . . . . . . . . . 1 Tool/Special . | . . . . . . . . . . . . . . . Average Slot Usage (%) 87 | . 89 100 88 95 98 65 76 93 99 99 100 94 79 20 Engine 5 | . 14 14 11 11 9 . . . . . . . . . Core 2 | . . . . . . . 6 7 6 6 6 5 4 5 Treads 7 | . 14 14 22 11 11 7 3 . . . . . . . Leg 2 | . . . . . . . 11 . . . . . . . Wheel 9 | . 14 14 11 22 22 15 4 . . . . . . . Flight 9 | . . . . . . . 1 38 33 33 33 29 23 10 Device 7 | . 3 14 11 14 11 6 . 6 6 6 6 5 3 3 Storage 9 | . 14 14 11 11 10 7 10 7 6 6 6 5 4 . Processor 6 | . . . . 3 11 7 13 7 6 6 13 11 8 . Hackware 6 | . . . . . . 4 7 15 25 25 20 17 17 . Energy Gun 4 | . 14 14 3 . . . 3 . . 6 6 5 3 . Energy Cannon 2 | . . . 14 11 7 3 . . . . . . . . Ballistic Gun 4 | . 14 11 3 . . . 4 . 5 . . 5 3 . Launcher 1 | . . . . 10 5 . . . . . . . . . Special Weapon 1 | . . 2 . . . . . 7 6 6 6 5 1 . Special Melee Weapon 1 | . . . . . 9 7 1 . . . . . 2 . Peak Build Rating 70 | 6 7 7 12 16 16 16 43 54 62 64 62 67 70 23 Average Rating 25 | 5 6 6 10 13 13 14 26 50 61 62 62 65 53 17 On Entrance 27 | . 6 7 7 11 16 13 14 36 54 62 62 62 66 1 Avg Prop Armor Cover (%) 12 | 14 14 13 12 10 11 13 13 . . . . . . . Naked Turns 17 | . . . . . . . . . . . . . 17 . Heaviest Build 35 | 13 14 14 19 21 20 13 35 25 25 26 26 29 29 13 Greatest Support 40 | 20 16 16 20 32 32 32 40 30 30 30 30 30 30 12 Greatest Overweight (x) 8 | 4 . . . . . . 8 . . . . . 3 1 Average Overweight (x) . | . . . . . . . . . . . . . . . Largest Inventory Capacity 10 | 8 8 8 8 8 8 8 10 10 10 10 10 10 10 5 Average Capacity 8 | 7 8 8 8 8 7 8 9 10 10 10 10 10 9 5 Most Carried 10 | 7 7 7 6 8 8 5 10 10 8 10 9 10 10 4 Average Carried 6 | 5 7 6 6 7 5 5 5 9 7 8 9 9 8 3 Final Capacity 10 | 8 8 8 8 8 8 8 10 10 10 10 10 10 5 5 Final Carried 10 | 7 7 7 6 8 5 5 9 9 8 9 9 10 5 4 Class Distribution -------------------- 50% | Mutant 21% | Bothacker-Sprinter 12% | Scavenger-Mutant 8% | Commander-Mutant 3% | Hacker-Mutant 3% | Hacker-Sprinter Dominant Class ---------------- Mutant | -10/Materials Mutant | -10/Mines Mutant | -9/Materials Mutant | -9/Storage Mutant | -9/Recycling Commander-Mutant | -7/Factory Scavenger-Mutant | -7/Garrison Bothacker-Sprinter | -7/Factory Bothacker-Sprinter | -6/Factory Bothacker-Sprinter | -6/Lower Caves Hacker-Sprinter | -6/Lower Caves Hacker-Sprinter | -5/Factory Bothacker-Sprinter | -5/Garrison Mutant | -5/Factory Resources | -11 -10 -10 -9 -9 -9 -7 -7 -7 -6 -6 -6 -5 -5 -5 ----------- Run | Yrd Mat Min Mat Sto Rec Fac Gar Fac Fac Low Low Fac Gar Fac Matter Collected 1868 | 255 20 56 30 101 248 . 511 134 168 220 . . . 125 Remotely . | . . . . . . . . . . . . . . . Salvage Created 2299 | 67 46 156 215 523 47 78 568 61 . 167 . . 76 295 Parts 159 | 8 4 11 11 42 4 7 30 6 . 11 . . 6 19 Haulers Intercepted . | . . . . . . . . . . . . . . . Recyclers Shooed . | . . . . . . . . . . . . . . . Parts Field Recycled . | . . . . . . . . . . . . . . . Retrieved Matter . | . . . . . . . . . . . . . . . Parts Self-Destructed 11 | . . . . . . . . . . 11 . . . . Prevented . | . . . . . . . . . . . . . . . Parts Restored . | . . . . . . . . . . . . . . . Kills | -11 -10 -10 -9 -9 -9 -7 -7 -7 -6 -6 -6 -5 -5 -5 ------- Run | Yrd Mat Min Mat Sto Rec Fac Gar Fac Fac Low Low Fac Gar Fac Combat Hostiles Destroyed 62 | . 3 5 4 14 1 2 13 2 . 7 . . 3 8 Guns 31 | . 3 4 . . . . 12 2 . 7 . . 3 . Cannons 16 | . . 1 4 9 . 2 . . . . . . . . AOE 15 | . . . . 5 1 . 1 . . . . . . 8 Classes Destroyed 11 | 1 1 2 2 2 1 . 2 . . . . . . . Worker 6 | . . . . 4 1 . . . . . . . . 1 Builder 1 | . . . . . 1 . . . . . . . . . Tunneler 4 | 4 . . . . . . . . . . . . . . Operator 2 | . . . . 1 . 1 . . . . . . . . Watcher 3 | . . . 1 2 . . . . . . . . . . Swarmer 28 | . 3 . . 4 . . 3 1 . 7 . . 3 7 Grunt 18 | . . 4 3 5 . 2 3 . . . . . . 1 Sentry 8 | . . . 1 5 1 . 1 . . . . . . . Hunter 2 | . . . . . . . 2 . . . . . . . Programmer 5 | . . . . . . . 4 1 . . . . . . Assembled 1 | . . 1 . . . . . . . . . . . . Best Kill Streak 7 | 3 3 4 4 6 3 2 4 1 . 7 . . 3 4 Combat Bots Only 7 | . 3 4 4 3 1 2 4 1 . 7 . . 3 4 Max Kills in Single Turn 3 | 1 1 1 1 3 2 1 1 1 . 1 . . 2 2 Gunslinging 1 | . . . . . . . . . . . . . 1 . Exploded 2 | . . . . 1 1 . 1 . . . . . . 2 Melee . | . . . . . . . . . . . . . . . Uniques/NPCs Destroyed . | . . . . . . . . . . . . . . . Combat | -11 -10 -10 -9 -9 -9 -7 -7 -7 -6 -6 -6 -5 -5 -5 -------- Run | Yrd Mat Min Mat Sto Rec Fac Gar Fac Fac Low Low Fac Gar Fac Hostile Shots Fired 481 | . 18 31 22 19 4 12 131 11 8 25 . . 172 28 Missed 157 | . 3 8 4 6 . 4 35 5 4 6 . . 66 16 Hits 324 | . 15 23 18 13 4 8 96 6 4 19 . . 106 12 Melee 26 | . . . . . . . . . . . . . 26 . Projectile 298 | . 15 23 18 13 4 8 96 6 4 19 . . 80 12 AOE 3 | . . . . . 2 . . . . . . . 1 . Critical Strikes 19 | . 1 . 1 . 1 1 3 . 1 . . . 11 . Damage Taken 4119 | . 105 197 175 197 90 83 1256 67 70 222 . . 1479 178 Core 1499 | . 18 57 21 38 . 25 213 23 14 85 . . 938 67 Absorbed by Shields 207 | . . . . 45 31 13 . . . . . . 118 . Ignored by Resistances 1252 | . 35 65 54 70 35 29 363 20 20 67 . . 440 54 Core Remaining (%) 81 | 100 . 70 . . 85 . . 62 . . 88 . . . Volleys Fired 216 | 11 6 22 10 26 5 9 59 14 12 17 . 2 13 10 Largest 2 | 2 2 2 2 2 1 1 2 1 1 1 . 1 2 1 Hottest 150 | 70 70 150 136 101 68 68 93 30 30 85 . 7 115 43 Shots Fired 315 | 22 12 43 20 41 6 9 92 14 12 17 . 2 15 10 Gun 177 | 22 12 31 . . . . 65 11 9 12 . . 15 . Cannon 81 | . . . 20 26 3 9 23 . . . . . . . Launcher 32 | . . . . 15 3 . 4 . . . . . . 10 Special 25 | . . 12 . . . . . 3 3 5 . 2 . . Kinetic 124 | 11 6 9 . . . 8 65 11 9 . . . 5 . Thermal 138 | 11 6 34 20 26 3 1 15 . . 12 . . 10 . Explosive 22 | . . . . 15 3 . 4 . . . . . . . Electromagnetic 18 | . . . . . . . 8 . . . . . . 10 Robot Hit Streak 19 | 15 11 8 12 6 9 10 19 7 9 11 . 4 5 5 Robot Miss Streak 5 | 1 1 1 1 5 . 1 3 3 . 2 . . 2 1 Penetration Max . | . . . . . . . . . . . . . . . Secondary Targets 4 | . 2 . . . . . 1 . . . . . 1 . Max Gunslinging Chain 1 | . 1 . . . . . 1 . . . . . 1 . Shots Hit Robots 260 | 17 10 20 15 19 57 7 65 10 8 13 . 2 9 8 Core Hits 130 | 7 5 10 5 32 8 4 28 3 1 7 . . 6 14 Critical Kills . | . . . . . . . . . . . . . . . Critical Parts Destroyed 4 | . 1 . . . . . 3 . . . . . . . Critical Strikes 14 | 1 1 . . . . . 8 . . 1 . . 3 . Burn 8 | 1 . . . . . . 3 . . 1 . . 3 . Destroy 4 | . 1 . . . . . 3 . . . . . . . Blast 2 | . . . . . . . 2 . . . . . . . Melee Attacks 60 | . . . . . 53 . 3 2 . . . . 2 . Impact . | . . . . . . . . . . . . . . . Slashing . | . . . . . . . . . . . . . . . Piercing . | . . . . . . . . . . . . . . . Sneak Attacks 36 | . . . . . 32 . 2 2 . . . . . . Combat Hostiles . | . . . . . . . . . . . . . . . Follow-up Attacks . | . . . . . . . . . . . . . . . Damage Inflicted 5107 | 173 99 240 308 1195 468 164 1293 141 134 162 . . 197 533 Guns 1899 | 173 99 192 . . . . 809 141 134 162 . . 189 . Cannons 1278 | . . . 308 376 50 164 380 . . . . . . . Explosions 1874 | . . . . 819 418 . 104 . . . . . . 533 Melee . | . . . . . . . . . . . . . . . Ramming 8 | . . . . . . . . . . . . . 8 . Kinetic 1509 | 51 39 53 . . . 143 901 141 134 . . . 47 . Thermal 1613 | 122 60 187 308 376 50 21 185 . . 162 . . 142 . Explosive 1341 | . . . . 819 418 . 104 . . . . . . . Electromagnetic 636 | . . . . . . . 103 . . . . . . 533 Impact . | . . . . . . . . . . . . . . . Slashing . | . . . . . . . . . . . . . . . Piercing . | . . . . . . . . . . . . . . . Highest Corruption 6 | . . . . 3 3 1 5 6 . . . . 4 4 Average Corruption 3 | . . . . 1 3 1 3 5 . . . . 2 4 Corruption Purged . | . . . . . . . . . . . . . . . Corruption Blocked . | . . . . . . . . . . . . . . . Effects 47 | . . . . 4 11 . 15 13 . . . . 1 3 Message Errors 13 | . . . . 1 3 . 4 2 . . . . 1 2 Matter Fused 12 | . . . . . 4 . 2 6 . . . . . . Heat Flow Errors 6 | . . . . . 1 . 2 3 . . . . . . Energy Discharges 6 | . . . . 2 . . 2 1 . . . . . 1 Parts Rejected 1 | . . . . . . . 1 . . . . . . . Data Loss (minor) 5 | . . . . 1 2 . 2 . . . . . . . Misfires 1 | . . . . . 1 . . . . . . . . . Alerts 3 | . . . . . . . 2 1 . . . . . . Overload Shots . | . . . . . . . . . . . . . . . Overflow Damage 149 | . . . . 54 43 . 40 . . . . . . 12 Projectiles 11 | . . . . . . . 11 . . . . . . . Explosions 138 | . . . . 54 43 . 29 . . . . . . 12 Melee . | . . . . . . . . . . . . . . . Knockbacks 8 | . . . . . . . 8 . . . . . . . Impact . | . . . . . . . . . . . . . . . Kinetic 7 | . . . . . . . 7 . . . . . . . Secondary 1 | . . . . . . . 1 . . . . . . . Self-Inflicted Damage 260 | . . . . 105 . . 110 . . . . . 3 42 Shots 11 | . . . . 6 . . 2 . . . . . . 3 Rammed 3 | . . . . . . . . . . . . . 3 . Targets Rammed 3 | . . . . . . . . . . . . . 3 . Kicked . | . . . . . . . . . . . . . . . Crushed . | . . . . . . . . . . . . . . . Highest Temperature 466 | 90 60 270 433 106 82 . 258 255 164 466 50 2 346 . Average Temperature 94 | 33 27 103 231 33 24 . 54 85 60 192 26 2 92 . Received Heat Transfer 941 | . . 66 99 50 12 78 267 . 63 . . . 306 . Effects 8 | . . . 3 . . . . 3 . 2 . . . . Shutdowns 1 | . . . . . . . . . . 1 . . . . Interference 6 | . . . 3 . . . . 3 . . . . . . Damage (minor) 1 | . . . . . . . . . . 1 . . . . Siege Activations . | . . . . . . . . . . . . . . . Martial Activations . | . . . . . . . . . . . . . . . Shielding Activations . | . . . . . . . . . . . . . . . Robots Disrupted . | . . . . . . . . . . . . . . . Combat Hostiles . | . . . . . . . . . . . . . . . Robots Corrupted . | . . . . . . . . . . . . . . . Combat Hostiles . | . . . . . . . . . . . . . . . Parts Fried 3 | . . . . . . . 1 . . . . . . 2 Impact Corruptions . | . . . . . . . . . . . . . . . Robots Melted . | . . . . . . . . . . . . . . . Combat Hostiles . | . . . . . . . . . . . . . . . Parts Melted 4 | . . . 1 1 . . . . . 2 . . . . Heat Transferred 4134 | 444 185 507 555 703 111 37 592 . . 550 . . 450 . Parts Sabotaged 8 | . . . . . . . . . . . . . 8 . Parts Stolen . | . . . . . . . . . . . . . . . Parts Stripped . | . . . . . . . . . . . . . . . Power Chain Reactions 1 | . . . . . . . . . . . . . . 1 Alert | -11 -10 -10 -9 -9 -9 -7 -7 -7 -6 -6 -6 -5 -5 -5 ------- Run | Yrd Mat Min Mat Sto Rec Fac Gar Fac Fac Low Low Fac Gar Fac Maximum Alert Level 2 | . . . . 2 . . 1 . . . . . 2 1 Low Security (%) 83 | 100 100 100 100 63 100 100 60 100 100 . . 100 45 25 Level 1 15 | . . . . 34 . . 39 . . . . . 35 74 Level 2 . | . . . . 1 . . . . . . . . 18 . Level 3 . | . . . . . . . . . . . . . . . Level 4 . | . . . . . . . . . . . . . . . Level 5 . | . . . . . . . . . . . . . . . High Security . | . . . . . . . . . . . . . . . Max Security . | . . . . . . . . . . . . . . . Peak Influence 480 | 5 70 60 100 407 167 37 389 176 65 . . 47 480 294 Initial 218 | . 2 . . 25 127 . 22 176 20 . . 47 . 218 Average 86 | 1 8 16 19 170 42 3 175 78 8 . . 6 212 224 Influence Increases 3060 | 20 90 133 113 607 79 83 560 145 142 190 . 12 590 296 Destroy 0b10 Robot/C 1360 | . 60 120 80 280 40 40 320 60 . 140 . . 60 160 Destroy 0b10 Robot/NC 90 | 20 . . 5 35 15 5 5 . . . . . . 5 Destroy Leader 186 | . 10 10 22 84 . 10 10 10 . 20 . . . 10 Allied During Kill 18 | . . 3 . . 4 7 4 . . . . . . . Trap Triggered on 0b10 20 | . . . . . . . . . . . . . 20 . Successful Hack 116 | . 5 . 6 23 5 21 22 . 22 . . 12 . . Disable Machine 81 | . . . . 54 . . . . . . . . . 27 Anti-Garrison Action 250 | . . . . . . . 100 . . . . . 150 . Destroy Structure 204 | . . . . 116 15 . 69 . . . . . . 4 Partial Spotted 90 | . 15 . . 15 . . . 45 . . . . . 15 Lose Combat Pursuer 645 | . . . . . . . 30 30 120 30 . . 360 75 Influence Decreases 2776 | 15 95 133 43 290 466 46 208 484 127 120 49 98 110 492 Entered New Map 936 | . 3 . . 45 260 . 15 213 30 30 39 39 . 262 Time Decay 1294 | 15 92 133 33 245 186 10 . 271 87 90 10 12 . 110 Lost Part 240 | . . . 10 . . 10 110 . . . . . 110 . Lost Ally 243 | . . . . . 20 10 83 . 10 . . . . 120 Purge Threat 63 | . . . . . . 16 . . . . . 47 . . Squads Dispatched 13 | . 1 . 2 3 . 1 . 2 2 . . . . 2 Investigation 7 | . 1 . 1 1 . 1 . 1 1 . . . . 1 Extermination 2 | . . . . . . . . 1 1 . . . . . Reinforcement 4 | . . . 1 2 . . . . . . . . . 1 Assault . | . . . . . . . . . . . . . . . Garrison . | . . . . . . . . . . . . . . . Intercept . | . . . . . . . . . . . . . . . Searches Triggered . | . . . . . . . . . . . . . . . Construction Impeded . | . . . . . . . . . . . . . . . Haulers Reinforced 1 | . . . . . . . . . . . . . . 1 Active Scanning Responses . | . . . . . . . . . . . . . . . Cargo Convoy Interrupts . | . . . . . . . . . . . . . . . Stealth | -11 -10 -10 -9 -9 -9 -7 -7 -7 -6 -6 -6 -5 -5 -5 --------- Run | Yrd Mat Min Mat Sto Rec Fac Gar Fac Fac Low Low Fac Gar Fac Distress Signals 5 | . . . 1 2 . . . . 2 . . . . . Communications Jammed . | . . . . . . . . . . . . . . . Distress Signals . | . . . . . . . . . . . . . . . Times Spotted 172 | . 7 8 10 23 7 4 17 8 17 11 3 . 43 14 Peak Tracking Total 18 | . 3 3 6 4 2 3 3 3 12 4 4 . 18 4 Tactical Retreats 15 | . . . . . . . 2 1 4 1 . . 5 2 Traps | -11 -10 -10 -9 -9 -9 -7 -7 -7 -6 -6 -6 -5 -5 -5 ------- Run | Yrd Mat Min Mat Sto Rec Fac Gar Fac Fac Low Low Fac Gar Fac Traps Triggered 11 | . 1 . 1 2 . . 1 1 . . . . 4 1 Indirectly . | . . . . . . . . . . . . . . . Trap Hack Attempts 25 | . . . . . . . 15 . . . . . 10 . Triggered . | . . . . . . . . . . . . . . . Disarmed 1 | . . . . . . . . . . . . . 1 . Reprogrammed 5 | . . . . . . . 3 . . . . . 2 . Reused 2 | . . . . . . . . . . . . . 2 . Traps Extracted . | . . . . . . . . . . . . . . . Installed . | . . . . . . . . . . . . . . . Triggered 2 | . . . . . . . . . . . . . 2 . Machines | -11 -10 -10 -9 -9 -9 -7 -7 -7 -6 -6 -6 -5 -5 -5 ---------- Run | Yrd Mat Min Mat Sto Rec Fac Gar Fac Fac Low Low Fac Gar Fac Machines Disabled 17 | . . . . 6 . . 6 . . . . . 2 3 Max in Single Turn 3 | . . . . 3 . . 2 . . . . . 1 2 Garrison Relay 3 | . . . . . . . 1 . . . . . 2 . Phase Generator 1 | . . . . . . . 1 . . . . . . . Machines Repaired . | . . . . . . . . . . . . . . . Machines Dismantled . | . . . . . . . . . . . . . . . Machines Sabotaged . | . . . . . . . . . . . . . . . Overloaded Fab Kills . | . . . . . . . . . . . . . . . Hacking | -11 -10 -10 -9 -9 -9 -7 -7 -7 -6 -6 -6 -5 -5 -5 --------- Run | Yrd Mat Min Mat Sto Rec Fac Gar Fac Fac Low Low Fac Gar Fac Machines Accessed 33 | . 2 . 3 5 5 2 3 4 4 . . 2 1 2 Terminals 29 | . 2 . 3 5 4 1 3 3 4 . . 1 1 2 Fabricators . | . . . . . . . . . . . . . . . Repair Stations . | . . . . . . . . . . . . . . . Recycling Units 1 | . . . . . 1 . . . . . . . . . Scanalyzers 1 | . . . . . . . . 1 . . . . . . Garrison Access 2 | . . . . . . 1 . . . . . 1 . . Total Hacks 85 | . 10 . 10 14 10 6 7 10 6 . . 4 3 5 Successful 39 | . 5 . 5 8 3 5 2 5 2 . . 3 . 1 Failed 46 | . 5 . 5 6 7 1 5 5 4 . . 1 3 4 Catastrophic 5 | . . . 1 1 3 . . . . . . . . . Database Lockouts . | . . . . . . . . . . . . . . . Manual 48 | . 10 . 10 12 9 3 . . 2 . . . . 2 Terminals 77 | . 10 . 10 14 9 5 7 6 6 . . 2 3 5 Fabricators . | . . . . . . . . . . . . . . . Repair Stations . | . . . . . . . . . . . . . . . Recycling Units 1 | . . . . . 1 . . . . . . . . . Scanalyzers 4 | . . . . . . . . 4 . . . . . . Garrison Access 3 | . . . . . . 1 . . . . . 2 . . Terminal Hacks 19 | . 2 . 2 4 1 3 2 1 2 . . 1 . 1 Prototype ID Bank 1 | . . . . . . . . . 1 . . . . . Open Door 1 | . . . . 1 . . . . . . . . . . Open DSF 2 | . . . . . . . . 1 . . . . . 1 Level Access Points 2 | . . . . 1 . . . . . . . 1 . . Branch Access Points 6 | . 1 . 1 1 1 1 . . 1 . . . . . Terminal Index 2 | . 1 . . 1 . . . . . . . . . . Alert Level 1 | . . . . . . 1 . . . . . . . . Unreport Threat 1 | . . . . . . 1 . . . . . . . . Recall Investigation 1 | . . . 1 . . . . . . . . . . . Garrison Registry 1 | . . . . . . . 1 . . . . . . . Security Stations 1 | . . . . . . . 1 . . . . . . . Fabricator Hacks . | . . . . . . . . . . . . . . . Repair Station Hacks . | . . . . . . . . . . . . . . . Recycling Unit Hacks 1 | . . . . . 1 . . . . . . . . . Report Inventory 1 | . . . . . 1 . . . . . . . . . Scanalyzer 4 | . . . . . . . . 4 . . . . . . Insert Component 2 | . . . . . . . . 2 . . . . . . Analyze 1 | . . . . . . . . 1 . . . . . . Retrieve Study 1 | . . . . . . . . 1 . . . . . . Garrison Access Hacks 3 | . . . . . . 1 . . . . . 2 . . Unlock Access 2 | . . . . . . 1 . . . . . 1 . . Coupler Status 1 | . . . . . . . . . . . . 1 . . Unauthorized Hacks 12 | . 3 . 3 4 1 1 . . . . . . . . Terminals 12 | . 3 . 3 4 1 1 . . . . . . . . Track 2 | . 1 . . 1 . . . . . . . . . . Botnet 9 | . 2 . 3 3 1 . . . . . . . . . Operators 1 | . . . . . . 1 . . . . . . . . Fabricators . | . . . . . . . . . . . . . . . Repair Stations . | . . . . . . . . . . . . . . . Recycling Units . | . . . . . . . . . . . . . . . Scanalyzers . | . . . . . . . . . . . . . . . Garrison Access . | . . . . . . . . . . . . . . . Data Cores Recovered 1 | . . . . . . 1 . . . . . . . . Used 1 | . . . . . . 1 . . . . . . . . Hacking Detections 26 | . 2 . 3 4 4 1 3 3 3 . . 1 1 1 Full Trace Events 6 | . 1 . . 1 . 1 . 1 1 . . . 1 . Feedback Events 2 | . . . . 1 . 1 . . . . . . . . Corruption 2 | . . . . 1 . 1 . . . . . . . . Feedback Blocked . | . . . . . . . . . . . . . . . Robot Schematics Acquired . | . . . . . . . . . . . . . . . Robots Built . | . . . . . . . . . . . . . . . Authchips . | . . . . . . . . . . . . . . . Time . | . . . . . . . . . . . . . . . Total Robot Build Rating . | . . . . . . . . . . . . . . . Part Schematics Acquired 1 | . . . . . . . . 1 . . . . . . Parts Built . | . . . . . . . . . . . . . . . Authchips . | . . . . . . . . . . . . . . . Time . | . . . . . . . . . . . . . . . Total Part Build Rating . | . . . . . . . . . . . . . . . Part Studies Acquired 1 | . . . . . . . . 1 . . . . . . Parts Repaired . | . . . . . . . . . . . . . . . Time . | . . . . . . . . . . . . . . . Parts Recycled . | . . . . . . . . . . . . . . . Recycled Matter . | . . . . . . . . . . . . . . . Retrieved Matter . | . . . . . . . . . . . . . . . Retrieved Components . | . . . . . . . . . . . . . . . Parts Scanalyzed 1 | . . . . . . . . 1 . . . . . . Part Schematics Acquired 1 | . . . . . . . . 1 . . . . . . Parts Damaged . | . . . . . . . . . . . . . . . Bothacking | -11 -10 -10 -9 -9 -9 -7 -7 -7 -6 -6 -6 -5 -5 -5 ------------ Run | Yrd Mat Min Mat Sto Rec Fac Gar Fac Fac Low Low Fac Gar Fac Used RIF Installer 2 | . . . . . . . 1 . . . . . 1 . Watcher Feeds 1 | . . . . . . . . . . . . . 1 . Robots Hacked 12 | . . . . . 4 . . 2 1 4 . 1 . . Non-combat 4 | . . . . . 3 . . . . . . 1 . . Combat 8 | . . . . . 1 . . 2 1 4 . . . . Robot Hacks Applied 15 | . . . . . 5 . . 3 1 4 . 2 . . parse_system 2 | . . . . . 1 . . 1 . . . . . . no_distress 2 | . . . . . 2 . . . . . . . . . find_recycling 2 | . . . . . 2 . . . . . . . . . purge_threat 1 | . . . . . . . . . . . . 1 . . focus_fire 1 | . . . . . . . . . . 1 . . . . scatter_targeting 1 | . . . . . . . . . . 1 . . . . go_dormant 1 | . . . . . . . . 1 . . . . . . overwrite_iff 4 | . . . . . . . . 1 1 2 . . . . formatsys_high 1 | . . . . . . . . . . . . 1 . . Relay Couplers Released 11 | . . . . . . . 5 . . . . . 6 . Machine Destruction 11 | . . . . . . . 5 . . . . . 6 . Attached 5 | . . . . . . . 1 . 2 1 . . 1 . Fabnet Peak Effective % . | . . . . . . . . . . . . . . . Robots Rewired 12 | . . . . . 12 . . . . . . . . . Allies Hacked 2 | . . . . . . . 2 . . . . . . . Hacks Repelled . | . . . . . . . . . . . . . . . Allies | -11 -10 -10 -9 -9 -9 -7 -7 -7 -6 -6 -6 -5 -5 -5 -------- Run | Yrd Mat Min Mat Sto Rec Fac Gar Fac Fac Low Low Fac Gar Fac Total Allies 19 | . . 2 . . 12 . . 1 1 2 . 1 . . Largest Group 12 | . . 2 2 . 12 11 10 1 . 2 . 1 1 . Highest-Rated Group 118 | . . 51 51 . 118 113 108 12 . 24 . 26 26 . Highest-Rated Ally 31 | . . 31 31 . 21 21 21 12 . 12 . 26 26 . Total Orders . | . . . . . . . . . . . . . . . Ally Attacks 50 | . . 5 1 . 10 4 21 6 2 1 . . . . Total Damage 533 | . . 86 22 . 65 16 221 92 31 . . . . . Kills 8 | . . 2 . . 1 . 4 1 . . . . . . Allies Corrupted 1 | . . . . . . . 1 . . . . . . . Allies Melted . | . . . . . . . . . . . . . . . Intel | -11 -10 -10 -9 -9 -9 -7 -7 -7 -6 -6 -6 -5 -5 -5 ------- Run | Yrd Mat Min Mat Sto Rec Fac Gar Fac Fac Low Low Fac Gar Fac Active Infowar (turns) 4488 | . 192 448 182 501 759 104 924 578 317 184 21 68 208 2 Optics 315 | . . . . . . . . . . 18 21 68 208 . Sensors 1293 | . . . . . . . . 518 317 184 21 68 185 . Terrain 123 | . 115 . . . 8 . . . . . . . . . Structural 1054 | . 77 448 182 347 . . . . . . . . . . Machine Analysis 3268 | . . . . 154 759 104 924 578 317 184 21 68 159 . ECM 2 | . . . . . . . . . . . . . . 2 Robot Analysis Total . | . . . . . . . . . . . . . . . Derelict Logs Recovered 2 | . . 1 . . . . . . . 1 . . . . Drone Launches 17 | . . . . . . . . . . . . . . 17 Drone Recoveries 5 | . . . . . . . . . . . . . . 5 Exploration | -11 -10 -10 -9 -9 -9 -7 -7 -7 -6 -6 -6 -5 -5 -5 ------------- Run | Yrd Mat Min Mat Sto Rec Fac Gar Fac Fac Low Low Fac Gar Fac Turns Passed 5419 | 179 668 448 188 503 759 104 924 578 317 184 21 68 245 233 Spaces Moved 5711 | 126 351 327 92 353 579 79 555 854 667 521 91 88 571 457 Core 38 | 7 . . . . . . . . . . . . 31 . Treads 95 | 3 . . 92 . . . . . . . . . . . Legs 294 | . . . . . . . 294 . . . . . . . Wheels 2028 | 116 351 327 . 353 579 79 223 . . . . . . . Hover . | . . . . . . . . . . . . . . . Flight 3256 | . . . . . . . 38 854 667 521 91 88 540 457 Fastest Speed 23 | 50 100 100 160 100 100 100 23 23 23 23 23 23 23 37 Average Speed 60 | 105 100 100 160 100 100 100 120 23 23 23 23 23 25 39 Slowest Speed 695 | 250 100 100 160 100 100 100 695 23 23 23 23 23 200 117 Overloaded Moves . | . . . . . . . . . . . . . . . Propulsion Burnouts . | . . . . . . . . . . . . . . . Robots Hopped 9 | . . . . . . . . 1 2 . . . 5 1 Potential Cave-ins . | . . . . . . . . . . . . . . . Cave-ins Triggered . | . . . . . . . . . . . . . . . Exploration Rate (%) 35 | 4 47 72 14 83 85 3 50 21 11 60 10 4 58 14 Regions Visited 14 Branch Regions 5 Pre-discovered Areas . | . . . . . . . . . . . . . . . Known Exits Taken 6 | . 1 . 1 1 . 1 . . 1 . . 1 . . Unknown Exits Taken 6 | 1 . 1 . . 1 . . 1 . 1 1 . . . Scrap Searched 3 | . . 1 . . . . . . . 2 . . . . Spaces Dug 23 | . . . . 21 . . 2 . . . . . . . Terrain Destroyed 262 | . . . . 148 17 . 97 . . . . . . . Melee . | . . . . . . . . . . . . . . . Projectile 3 | . . . . . . . 3 . . . . . . . AOE 259 | . . . . 148 17 . 94 . . . . . . . Terrain Rammed . | . . . . . . . . . . . . . . . Walls Destroyed . | . . . . . . . . . . . . . . . Machines Disabled . | . . . . . . . . . . . . . . . Actions | -11 -10 -10 -9 -9 -9 -7 -7 -7 -6 -6 -6 -5 -5 -5 --------- Run | Yrd Mat Min Mat Sto Rec Fac Gar Fac Fac Low Low Fac Gar Fac Total 7283 | 149 656 381 112 461 727 94 716 1229 818 572 90 134 648 496 Wait 1087 | . 298 30 8 75 78 1 29 336 138 28 . 39 19 8 Move 5680 | 125 350 326 91 352 578 78 554 851 662 520 90 87 561 455 Hop 8 | . . . . . . . . 1 2 . . . 4 1 Pick Up 30 | 7 . . . 2 . . 9 5 . 1 . 2 1 3 Fast Attach 43 | 6 1 . . 3 3 3 19 1 1 1 . . 2 3 Attach 33 | . . 1 1 1 2 . 11 3 2 1 . 2 4 5 Detach 16 | . . . . 1 2 . 6 2 1 . . 1 . 3 Swap 19 | . 1 2 2 . 3 1 2 5 . 2 . 1 . . Drop 31 | . . . . 1 3 2 9 9 . 2 . . 2 3 Fire 216 | 11 6 22 10 26 5 9 59 14 12 17 . 2 13 10 Melee 60 | . . . . . 53 . 3 2 . . . . 2 . Ram 3 | . . . . . . . . . . . . . 3 . Kick . | . . . . . . . . . . . . . . . Crush . | . . . . . . . . . . . . . . . Escape Stasis 27 | . . . . . . . . . . . . . 27 . Rewire . | . . . . . . . . . . . . . . . Trap 25 | . . . . . . . 15 . . . . . 10 . Miscellaneous 5 | . . . . . . . . . . . . . . 5 Route ------- -11/Scrapyard -10/Materials (discovered 4 exits: *Mat / *Min x2 / [*Sub]) -10/Mines -9/Materials (discovered 4 exits: Min x2 / *Sto x2) -9/Storage (discovered 2 exits: Mat / *Rec) -9/Recycling -7/Factory (discovered 3 exits: Low x2 / Gar) -7/Garrison (discovered 3 exits: *Fac x3) -7/Factory -6/Factory (discovered 2 exits: *Low x2) -6/Lower Caves -6/Lower Caves -5/Factory (discovered 5 exits: Fac x4 / Gar) -5/Garrison (discovered 2 exits: *Fac x2) -5/Factory History --------- Turn | Location | Event 17 | -11/Scrapyard | Discovered new exit (range 16) 180 | -11/Scrapyard | Entered Materials 314 | -10/Materials | Build established: Mutant 562 | -10/Materials | Discovered new exit (range 10) 586 | -10/Materials | Identified exit to Mines 640 | -10/Materials | Discovered new exit (range 10) 729 | -10/Materials | Discovered new exit (range 12) 848 | -10/Materials | Entered Mines 858 | -10/Mines | Learned Materials terminal intel 873 | -10/Mines | Excavation squad dispatched 873 | -10/Mines | A large section of the Mines collapsed 1269 | -10/Mines | Discovered new exit (range 8) 1296 | -10/Mines | Entered Materials 1296 | -9/Materials | Accompanied by 2 allies 1296 | -9/Materials | Evolved 2 slots: Propulsion x1, Utility x1 1297 | -9/Materials | Loaded intel: 12 terminal locations 1301 | -9/Materials | Led the pair of lost Derelicts to an unsafe place 1333 | -9/Materials | Identified exit to Mines 1333 | -9/Materials | Identified exit to Storage 1484 | -9/Materials | Entered Storage 1525 | -9/Storage | Met 01-MTF 1933 | -9/Storage | Identified exit to Materials 1933 | -9/Storage | Identified exit to Recycling 1987 | -9/Storage | Entered Recycling 1987 | -9/Recycling | Accompanied by 1 ally (01-MTF) 2160 | -9/Recycling | Discovered new exit (range 12) 2721 | -9/Recycling | Build established: Commander-Mutant 2746 | -9/Recycling | Entered Factory 2746 | -7/Factory | Accompanied by 11 allies 2746 | -7/Factory | Evolved 4 slots: Propulsion x2, Utility x2 2784 | -7/Factory | Identified exit to Lower Caves 2832 | -7/Factory | Identified exit to Garrison 2850 | -7/Factory | Entered Garrison 2850 | -7/Garrison | Accompanied by 10 allies 2886 | -7/Garrison | Triggered checkpoint 2926 | -7/Garrison | Lost 6 allies 3089 | -7/Garrison | Installed Relay Interface Framework 3127 | -7/Garrison | Phase Generator disabled 3240 | -7/Garrison | Triggered checkpoint 3348 | -7/Garrison | Learned Factory security intel 3471 | -7/Garrison | Build established: Scavenger-Mutant 3532 | -7/Garrison | Discovered new exit (range 14) 3596 | -7/Garrison | Triggered checkpoint 3659 | -7/Garrison | Discovered new exit (range 72) 3659 | -7/Garrison | Discovered new exit (range 36) 3659 | -7/Garrison | Discovered new exit (range 28) 3678 | -7/Garrison | Garrison Relay disabled 3774 | -7/Garrison | Entered Factory 3812 | -7/Factory | Noticed a derelict Sapper rigging charges 4102 | -7/Factory | Build established: Bothacker-Sprinter 4328 | -7/Factory | Discovered new exit (range 15) 4352 | -7/Factory | Entered another Factory area 4352 | -6/Factory | Evolved 2 slots: Utility x2 4485 | -6/Factory | Identified exit to Lower Caves 4669 | -6/Factory | Entered Lower Caves 4710 | -6/Lower Caves | Found DCF Scrap (11 items) 4777 | -6/Lower Caves | Destroyed 7 combat bots 4811 | -6/Lower Caves | Spotted B-75 Beast 4841 | -6/Lower Caves | Discovered new exit (range 17) 4843 | -6/Lower Caves | Encountered a Warlord checkpoint 4850 | -6/Lower Caves | Learned 4 Factory zone layouts 4853 | -6/Lower Caves | Entered another Lower Caves area 4873 | -6/Lower Caves | Discovered new exit (range 7) 4874 | -6/Lower Caves | Entered Factory 4874 | -5/Factory | Evolved 2 slots: Utility x1, Weapon x1 4875 | -5/Factory | Identified exit to Factory 4922 | -5/Factory | Identified exit to Garrison 4942 | -5/Factory | Entered Garrison 4942 | -5/Garrison | Accompanied by 1 ally 4992 | -5/Garrison | Triggered checkpoint 5011 | -5/Garrison | Garrison Relay disabled 5042 | -5/Garrison | Discovered new exit (range 12) 5052 | -5/Garrison | Garrison Relay disabled 5054 | -5/Garrison | Triggered checkpoint 5072 | -5/Garrison | Triggered checkpoint 5138 | -5/Garrison | Discovered new exit (range 14) 5142 | -5/Garrison | Expanded RIF knowledge: Watcher Feeds 5167 | -5/Garrison | Lost 11 parts (2p2n3u4w) 5170 | -5/Garrison | Core integrity fell below 50% 5177 | -5/Garrison | Core integrity fell below 20% 5187 | -5/Garrison | Entered Factory 5257 | -5/Factory | Lost 11 allies 5420 | -5/Factory | Destroyed by H-66 Slayer with Heavy Assault Rifle Last Messages --------------- 05347_ U-05 Engineer lays Concrete. 05353_ R-10 Processor collects Corrupted Lgt. Nuclear Core. 05354_ U-05 Engineer lays Concrete. 05356_ R-10 Processor collects Corrupted Autogun. 05357_ U-05 Engineer lays Concrete. 05360_ R-10 Processor collects Corrupted VTOL Module+. 05361_ K-01 Serf destroyed. 05361_ ALERT: Hostile activity reported, dispatching reinforcements to area. 05361_ K-01 Serf collects debris. 05362_ U-05 Engineer lays Concrete. 05363_ G-50 Soldier misfires. 05364_ U-05 Engineer lays Concrete. 05366_ G-50 Soldier destroyed. 05367_ U-05 Engineer lays Concrete. 05373_ Acquired 70 matter. 05374_ Acquired 27 matter. 05381_ Connecting with DSF Access... 05398_ U-05 Engineer lays Concrete. 05416_ R-10 Processor collects Corrupted Lgt. Ion Engine. 05420_ Slug penetrates Wall. Map ----- +----------------------------------------------------+ | ### #????????????????????????????????????? | | ####### ?????????????????????????????? | | ????????????????????????????? | | T ?????????????????????????????? | | "" ???????????????????????????????? | | ?????????????????????????????????? | | ???????????????????????????????????? | | ?? ?????????????????????????????????????? | | #??? ???????????????????????????????????????? | | ######+#######??????????????????????????????????? | | # #??????????????????????????????????? | | # #??????????????????????????????????? | | ?# #????????????????###???????????????? | | # #??????????????? ??????????????? | | # """" """" #???????????????# ##???##???##???? | | # """" """" #???????????????# # ?? #???? | | # """" """" #???????????????# # """ """ ##### | | ## """" """" #???????????????# # """ """ ## [ | | ## """" """" #???????????????# # """ """ ## | | ## """" """" #???????????????# # ## | | ## """" """" #???????????????# # != ## " | | ## #?????????#+#???# # !! ] ## " | | ###########+###?????????# #???# # = ## " | | #?????????# #???????????#h#???# # #???" | | #??####???# #???????????# #???# # #???? | | ####T ##### #############@##### #### ########### | | = | | = # | | [ % # | | ! # | | # | | ##########+#############+#############/######"##+# | | #??# ! #??????????????# # | | " #??# """ #??????????????# """""" # | | " #??# """ #??????????????# """""" # | | " #??# """ [ #??????????????# """""" # | | #??# #??????????????# """""" # """" | | " #??# """ #??????????????# # """" | | " #??# """ #??????????????# """""" # """" | | ???????# """ ]#??????????????# """""" # """" | | ?????????? #??????????????# """"""?# | | ??????????#######??????????????# """"""?###### | | ???????????????????????????????# ?????????? | | ???????????????????????????????# ?????????? | | ???????????????????????????????#########?????????? | | ?????????????????????????????????????????????????? | | ?????????????????????????????????????????????????? | | ?????????????????????????????????????????????????? | | ?????????????????????????????????????????????????? | | ?????????????????????????????????????????????????? | +----------------------------------------------------+ Best States ------------- Heat Dissipation 40 Energy Generation 18 Energy Capacity 250 Matter Stores 300 Matter Capacity 300 Sight Range 20 Robot Scan Range 15 Terrain Scan Range 14 Terrain Scan Density 85 ECM Strength 2 Resistance: KI 20 Resistance: TH 20 Resistance: EX 20 Resistance: EM 20 Resistance: I 20 Resistance: S 20 Resistance: P 20 Evasion (%) 65 Target Analysis 6 Recoil Reduction 1 Offensive Hacking 20 Relay Coupler Types 3 Relay Coupler Value 103 Item Schematics ----------------- Imp. Cesium-ion Thruster | -7/Factory | Scanalyzed Robot Schematics ------------------ None Fabricated ------------ Nothing Repaired ---------- Nothing Studied --------- VTOL Module | -7/Factory | Hacked Alien Tech Used ----------------- None Achievements -------------- Analysis Probe Assimilation Complete Bumper Bots I Have A Map? Join The Dark Side Junior Dev Mindtrick Oppo Buddy Plot Armor Resistances Are Futile Spot Them First You Will Be Upgraded \\IAMDERELICT Challenges ------------ None Game ------ Seed BladeCatalystBoregun Manual? 0 Play Time 01:27:06 Cumulative 25.7 hours Start 2026.02.15 @ 20:52:57 End 2026.02.15 @ 22:26:03 Sessions 3 Manual Loads 0 Difficulty Adventurer Special Mode None Game No. 32 Rogue 17 Adventurer 15 Explorer 0 Win Type - Total 0 Types 0/0/0/0/0/0/0/0/0/0 Lore% 11 Gallery% 27 Achievement% 19 Wizard Run 0 Options --------- Layout 0 ASCII 0 Keyboard 0 Movement Mouse Keybinds 0 Fullscreen 1 Font 24/Terminus Map View 183x50 Zoom Use 0% Tactical HUD 1 Map Filters NONE Filters NONE Steam 1 RUN: da2af8b8-1c67-46b1-b657-a933f296ed94